AoeStats
← Rafaelbdoo

Black Forest

505813802Analyzed
2v2 RM · 23d ago on Sep 11, 2026· 70m 18s· 4 players
Game mode
Random Map
Map size
Medium (4 player)
Population
200
Speed
Normal
Resources
Standard
Victory
Conquest
Starting age
Dark Age
Ending age
Imperial Age
RankedLock teamsTeams togetherTeam positionsShared explorationLock speedFull tech treeHidden civsTurbo modeCheats
Victory
Defeat
🇨🇳 Goths · China
958
+44
🇨🇳 Huns · China
958
+44
🇦🇺 Armenians · Australia
943
-16
🇧🇷 Maya · Brazil
912
-40
Rafaelbdoo
0:38 Loom
13:11 Feudal Age
13:45 Horse Collar
15:38 Double-Bit Axe
21:04 Castle Age
20:21 Stone Mining
22:18 Bow Saw
23:54 Forging
23:44 Pikeman
26:14 Elite Skirmisher
30:47 Hul'che Javelineers
35:13 Eagle Warrior
37:49 Wheelbarrow
37:22 Town Watch
37:31 Fletching
37:41 Padded Archer Armor
39:17 Hand Cart
39:01 Bodkin Arrow
39:21 Leather Archer Armor
47:19 Imperial Age
45:28 Leather Archer Armor
51:26 Conscription
52:23 Hoardings
53:02 Sappers
55:34 Elite Plumed Archer
56:04 Treadmill Crane
57:23 Masonry
57:11 Murder Holes
57:24 Onager
59:35 Architecture
59:27 Ballistics
60:33 Fortified Wall
67:10 Chemistry
66:58 Bracer
67:31 Ring Archer Armor
War_Beast
0:33 Loom
13:23 Feudal Age
17:18 Castle Age
16:24 Double-Bit Axe
16:48 Horse Collar
23:35 Scale Mail Armor
24:01 Man-at-Arms
24:27 Gambesons
25:05 Squires
25:21 Arson
25:06 Long Swordsman
26:36 Chain Mail Armor
28:57 Forging
29:57 Two-Handed Swordsman
34:25 Gold Mining
34:26 Stone Mining
34:47 Bow Saw
36:05 Wheelbarrow
38:28 Hand Cart
38:19 Heavy Plow
42:55 Imperial Age
42:24 Town Watch
43:10 Champion
43:32 Champion
44:47 Plate Mail Armor
44:54 Iron Casting
43:42 Capped Ram
45:41 Gold Shaft Mining
44:56 Siege Ram
47:30 Fortified Wall
50:06 Town Patrol
51:18 Blast Furnace
50:09 Fletching
50:51 Ballistics
51:40 Chemistry
52:31 Bodkin Arrow
59:30 Elite Skirmisher
60:14 Bracer
60:15 Padded Archer Armor
64:36 Heavy Scorpion
64:56 Pikeman
66:09 Leather Archer Armor
huiqunzheng3
0:44 Loom
11:33 Feudal Age
13:25 Wheelbarrow
12:37 Double-Bit Axe
14:44 Wheelbarrow
14:25 Fishing Lines
18:27 Castle Age
16:58 Fletching
19:13 Padded Archer Armor
19:55 Bodkin Arrow
20:18 Bow Saw
20:57 Bloodlines
23:37 Husbandry
23:53 Leather Archer Armor
24:36 Horse Collar
28:11 Thumb Ring
29:29 Ballistics
29:54 Hand Cart
29:43 Heavy Plow
37:52 Imperial Age
38:21 Masonry
41:12 Town Watch
41:54 Parthian Tactics
48:47 Bracer
50:30 Caravan
51:16 Scale Barding Armor
51:47 Heavy Cavalry Archer
53:57 Chemistry
59:46 Cavalier
61:15 Paladin
62:19 Chain Barding Armor
62:10 Forging
68:49 Coinage
69:37 Plate Barding Armor
68:37 Heavy Cavalry Archer
70:29 Banking
71:21 Iron Casting
66847804
0:50 Loom
12:52 Feudal Age
17:56 Castle Age
16:15 Double-Bit Axe
16:46 Horse Collar
18:53 Wheelbarrow
18:34 Forging
19:00 Bow Saw
19:41 Heavy Plow
20:29 Man-at-Arms
21:32 Fletching
21:42 Elite Skirmisher
25:20 Gold Mining
26:24 Scale Mail Armor
26:54 Long Swordsman
34:19 Bodkin Arrow
37:40 Imperial Age
35:25 Murder Holes
35:50 Ballistics
37:08 Hand Cart
37:29 Chain Mail Armor
39:14 Iron Casting
39:02 Caravan
40:43 Conscription
40:26 Perfusion
40:47 Anarchy
40:26 Two-Handed Swordsman
41:59 Masonry
43:47 Bracer
44:50 Blast Furnace
45:47 Bracer
46:49 Chemistry
45:52 Padded Archer Armor
46:10 Elite Huskarl
50:23 Leather Archer Armor
51:20 Architecture
50:59 Husbandry
56:06 Ring Archer Armor
55:30 Heated Shot
57:14 Scale Barding Armor
58:57 Squires
58:18 Champion
64:34 Coinage
64:15 Guilds
64:27 Chain Barding Armor
65:48 Banking
Connection lost

Rejoining the realm…

Still unreachable

The connection could not be restored.

Session expired

The server has moved on; the page needs a fresh start.